 Dungeon Crawl Stone Soup version 0.31-a0-876-gfe8ebadbca (webtiles) character file.

Game seed: 10131967705686028108

407 IndexError the Digger (level 6, 0/32 HPs)
             Began as a Gargoyle Earth Elementalist on Oct 13, 2023.
             Slain by a gnoll bouda
             ... wielding a +0 club
              (7 damage)
             ... on level 4 of the Dungeon.
             The game lasted 00:04:18 (3248 turns).

IndexError the Digger (Gargoyle Earth Elementalist) Turns: 3248, Time: 00:04:19

Health: 0/32       AC: 11    Str: 25    XL:     6   Next: 88%
Magic:  5/13       EV: 12    Int: 18    God:
Gold:   231        SH:  0    Dex: 14    Spells: 6/14 levels left

rFire   . . .        t - +0 mace (drain)
rCold   + . .        (no shield)
rNeg    + + .        p - +5 robe of Sloth {rC+ Str+2 Dex+4 SInv}
rPois   ∞            (no helmet)
rElec   +            (no cloak)
rCorr   .            (no gloves)
SInv    +            (no boots)
Will    .....        (no amulet)
Stlth   ++           q - +6 ring of strength
HPRegen 0.25/turn    r - ring "Suonuv" {rElec rPois rN+ Str+6 Slay-4}
MPRegen 0.13/turn

%: no passive effects
@: no status effects
A: sickness immunity, AC +4, negative energy resistance 1, electricity
resistance, torment resistance 1, petrification resistance
a: no special abilities


You were on level 4 of the Dungeon.
You visited 1 branch of the dungeon, and saw 4 of its levels.

You collected 231 gold pieces.

Inventory:

Hand Weapons
 t - a +0 mace of draining (weapon)
   (You found it on level 3 of the Dungeon)
Missiles
 v - 4 boomerangs
Armour
 p - the +5 robe of Sloth (worn) {rC+ Str+2 Dex+4 SInv}
   (You found it on level 2 of the Dungeon)

   Str+2:     It affects your strength (+2).
   Dex+4:     It affects your dexterity (+4).
   rC+:       It protects you from cold.
   SInv:      It lets you see invisible.
Magical Staves
 g - a staff of death {rN+}
   (You found it on level 1 of the Dungeon)
Jewellery
 q - a +6 ring of strength (left hand)
   (You found it on level 3 of the Dungeon)
 r - the ring "Suonuv" (right hand) {rElec rPois rN+ Str+6 Slay-4}
   (You found it on level 3 of the Dungeon)

   [ring of positive energy]

   Str+6:     It affects your strength (+6).
   Slay-4:    It affects your accuracy & damage with ranged weapons and melee
   (-4).
   rElec:     It insulates you from electricity.
   rPois:     It protects you from poison rN+: It protects you from negative
   energy.
Scrolls
 c - 3 scrolls of enchant armour {unknown}
 e - a scroll of enchant weapon {unknown}
 h - 4 scrolls of teleportation {unknown}
 m - 3 scrolls of immolation {unknown}
 n - 2 scrolls of revelation {unknown}
 o - a scroll of blinking {unknown}
 s - a scroll of noise {unknown}
Potions
 b - 2 potions of magic
 d - a potion of brilliance {unknown}
 i - 7 potions of curing {unknown}
 j - 2 potions of degeneration {unknown}
 k - a potion of enlightenment {unknown}
 l - a potion of lignification {unknown}


   Skills:
 - Level 1.5 Dodging
 - Level 2.1 Stealth
 + Level 4.8 Spellcasting
 - Level 0.7 Transmutations
 + Level 6.8 Earth Magic


You had 6 spell levels left.
You knew the following spells:

 Your Spells              Type           Power      Damage    Failure   Level
a - Sandblast             Erth           58%        2d13      1%          1
c - Petrify               Tmut/Erth      18%        N/A       28%         4
x - Stone Arrow           Conj/Erth      32%        3d9       10%         3

Your spell library contained the following spells:

 Spells                   Type           Power      Damage    Failure   Level
 Passwall                 Tmut/Erth      15%        N/A       4%          2
 Brom's Barrelling Bould  Conj/Erth      16%        2d4       32%         4


Dungeon Overview and Level Annotations

Branches:
Dungeon (4/15)             Temple (0/1) D:4

Altars:
Fedhas
Hepliaklqana

Shops:
D:2 [   D:4 !

Annotations:
D:4 Edmund


Innate Abilities, Weirdness & Mutations

You are immune to sickness and miasma.
Your stone body is resilient. (AC +4)
You are immune to poison.
You resist negative energy. (rN+)
You are resistant to electric shocks. (rElec)
You are resistant to unholy torment.
You are immune to petrification.


Message History

You can't see any susceptible monsters within range! (Use Z to cast anyway.)
i - 7 coppery potions (gained 2)
A gnoll comes into view.
It is wielding a +0 flail of protection.
The gnoll shouts!
MP restored: 13 A gnoll is nearby!
A gnoll is nearby! 3 gnolls come into view.
The gnoll shouts!
A gnoll comes into view. It is wielding a +0 whip.
The gnoll moves out of view. x2
A gnoll bouda comes into view. It is wielding a +0 club.
The blast of sand hits the gnoll!
The gnoll shouts! x2
You now have 12/13 mp.
The blast of sand hits the gnoll.
The gnoll bouda barks out a call to the hunt!
The gnolls pick up the pace!
You now have 11/13 mp.
The blast of sand hits the gnoll.
The gnoll closely misses you. The gnoll hits you with a +0 whip.
You take 1 damage, and have 31/32 hp.
You now have 10/13 mp.
The blast of sand hits the gnoll!!
The gnoll hits you but does no damage.
The gnoll bouda gazes fiercely through you!
You feel your attacks grow feeble. The gnoll hits you but does no damage.
The gnoll hits you with a +0 flail.
You take 1 damage, and have 30/32 hp.
You now have 9/13 mp.
The blast of sand hits the gnoll.
The gnoll closely misses you. x2
The gnoll hits you with a +0 whip. The gnoll hits you with a +0 flail.
You take 8 damage, and have 22/32 hp.
MASSIVE DAMAGE!!
The blast of sand hits the gnoll but does no damage.
The gnoll bouda completely misses you. The gnoll barely misses you. x3
The gnoll bouda calls upon its god to heal the gnoll.
The gnoll's wounds heal themselves!
The gnoll closely misses you. The gnoll barely misses you.
You now have 8/13 mp.
The blast of sand hits the gnoll bouda.
The gnoll completely misses you. The gnoll bouda barely misses you.
The gnoll completely misses you. The gnoll hits you but does no damage.
The gnoll hits you with a +0 flail.
You take 5 damage, and have 18/32 hp.
You now have 7/13 mp.
You are too injured to fight recklessly!
The gnoll hits you with a +0 flail.
You take 3 damage, and have 15/32 hp.
The gnoll bouda gazes fiercely through you!
You feel as though you will be weak longer.
The gnoll attacks as it pursues you! The gnoll hits you with a +0 flail.
You take 3 damage, and have 12/32 hp.
You see here a +0 short sword.
The gnoll hits you with a +0 flail.
* * * LOW HITPOINT WARNING * * *
The gnoll bouda gazes fiercely through you!
You feel as though you will be weak longer.
You take 5 damage, and have 7/32 hp.
You see here a scorpion corpse.
The gnoll attacks as it pursues you! The gnoll closely misses you.
The gnoll misses you.
Your attacks no longer feel as feeble.
The gnoll is no longer moving quickly.
The gnoll closely misses you.
The gnoll is no longer moving quickly.
There is an open door here.
Casting: Sandblast (safe; 1% risk of failure)
Confirm with . or Enter, or press ? or * to list all spells.
Aiming: Sandblast (safe; 1% risk of failure)
Press: ? - help, Shift-Dir - straight line, f - gnoll
Aim: a gnoll, wielding a +0 flail (85% to hit)
The blast of sand hits the gnoll!
You now have 8/13 mp.
Casting: Sandblast (safe; 1% risk of failure)
Confirm with . or Enter, or press ? or * to list all spells.
Aiming: Sandblast (safe; 1% risk of failure)
Press: ? - help, Shift-Dir - straight line, f - gnoll
Aim: a gnoll, wielding a +0 whip (85% to hit)
The blast of sand hits the gnoll!
The gnoll hits you with a +0 whip.
* * * LOW HITPOINT WARNING * * *
The gnoll bouda calls upon its god to heal the gnoll.
The gnoll is healed somewhat.
The gnoll barely misses you.
Casting: Sandblast (safe; 1% risk of failure)
Confirm with . or Enter, or press ? or * to list all spells.
Aiming: Sandblast (safe; 1% risk of failure)
Press: ? - help, Shift-Dir - straight line, f/p - gnoll
Aim: a gnoll, wielding a +0 whip (lightly wounded, 85% to hit)
The blast of sand hits the gnoll!
The gnoll bouda barks out a call to the hunt!
The gnoll picks up the pace!
You take 3 damage, and have 7/32 hp.
You now have 6/13 mp.
Casting: Sandblast (safe; 1% risk of failure)
Confirm with . or Enter, or press ? or * to list all spells.
Aiming: Sandblast (safe; 1% risk of failure)
Press: ? - help, Shift-Dir - straight line, f - gnoll bouda
Aim: a gnoll bouda, wielding a +0 club and wearing a +0 leather armour (moderately wounded, 85% to hit)
The blast of sand hits the gnoll bouda but does no damage.
You now have 5/13 mp.
Casting: Sandblast (safe; 1% risk of failure)
Confirm with . or Enter, or press ? or * to list all spells.
Aiming: Sandblast (safe; 1% risk of failure)
Press: ? - help, Shift-Dir - straight line, f/p - gnoll bouda
Aim: a gnoll bouda, wielding a +0 club and wearing a +0 leather armour (moderately wounded, 85% to hit)
The blast of sand hits the gnoll bouda!
The gnoll bouda misses you.
The gnoll bouda hits you with a +0 club!
You die...

#......#.......#........'
#...)..#.......#........#
#......#.......#........#
#.....##.......#........'
#.....##.......#.....)..#
#......#.......#........#
#..g...#.......#........#
#..g...#.......#........#
#..†####@##...##........#
#...####g########+####...
#...g...g.....+ #...
#.............# #...
#.............#
#.............#
#...##...###'##
#...##...# ... #........#
...


You could see a gnoll bouda and a gnoll (swift).

Vanquished Creatures
  A phantom (D:4)
  2 scorpions (D:4)
  2 orc priests
  6 adders
  4 gnolls (D:4)
  A dart slug (D:2)
  8 orcs
  5 ball pythons
  4 bats
  5 endoplasms
  2 goblins (D:2)
  A hobgoblin (D:2)
  6 jackals
  2 kobolds
  2 quokkas (D:4)
  2 frilled lizards
  4 rats
57 creatures vanquished.

Notes
Turn   | Place    | Note
-------+----------+-------------------------------------------
     0 | D:1      | IndexError the Gargoyle Earth Elementalist began the quest
                  | for the Orb.
     0 | D:1      | Reached XP level 1. HP: 10/10 MP: 3/3
   323 | D:1      | Reached XP level 2. HP: 15/15 MP: 3/5
   494 | D:1      | Reached skill level 4 in Earth Magic
   839 | D:2      | HP: 3/15 [adder (4)]
   860 | D:2      | Reached XP level 3. HP: 10/19 MP: 1/6
   960 | D:2      | Found Gehobuab's Antique Armour Emporium.
   975 | D:2      | Reached skill level 3 in Spellcasting
  1096 | D:2      | Reached XP level 4. HP: 24/24 MP: 6/8
  1187 | D:2      | Found a blossoming altar of Fedhas.
  1464 | D:2      | Identified the +5 robe of Sloth {rC+ Str+2 Dex+4 SInv}
  1836 | D:3      | Identified the ring "Suonuv" {rElec rPois rN+ Str+6 Slay-4}
  1902 | D:3      | Reached skill level 5 in Earth Magic
  2258 | D:3      | Reached XP level 5. HP: 19/28 MP: 3/10
  2318 | D:3      | Found a hazy altar of Hepliaklqana.
  2577 | D:4      | Noticed Edmund
  2584 | D:3      | Learned a level 3 spell: Stone Arrow
  2589 | D:3      | Learned a level 4 spell: Petrify
  2725 | D:4      | HP: 7/28 [orc priest/divine providence (14)]
  2892 | D:4      | Found a staircase to the Ecumenical Temple.
  2910 | D:4      | Found Piovif's Distillery.
  3037 | D:4      | Noticed a phantom
  3043 | D:4      | Killed a phantom
  3044 | D:4      | Reached skill level 4 in Spellcasting
  3044 | D:4      | Reached skill level 6 in Earth Magic
  3044 | D:4      | Reached XP level 6. HP: 32/32 MP: 5/12
  3235 | D:4      | HP: 7/32 [gnoll/+0 flail[a gnoll bouda] (5)]
  3245 | D:4      | HP: 6/32 [gnoll/+0 whip[a gnoll bouda] (4)]
  3248 | D:4      | Slain by a gnoll bouda

Illustrated notes

Levels and vault maps discovered:
D:1:      matt_arrival_refuge, layout_basic
D:2:      layout_loops_ring, serial_shops, nicolae_shop_tiny_statue_garden,
          basic_altar
D:3:      layout_rooms, mainiacjoe_overflow_cross_hatched
D:4:      layout_gridville, minmay_temple_entry_metal_lava, serial_shops,
          nicolae_shop_trees, uniq_edmund

Skill      XL: |  1  2  3  4  5 |
---------------+----------------+-----
Earth Magic    | 4 5 6 |  6.8
Spellcasting   | 3 4 |  4.8
Dodging        | |  1.5
Stealth        | |  2.1
Transmutations | |  0.7

Action                     |  1- 3 |  4- 6 || total
---------------------------+-------+-------++-------
  Melee: Mace              |       |     2 ||     2
   Cast: Sandblast         |    30 |    71 ||   101
 Armour: Robe              |     4 |    24 ||    28
         Skin              |       |     8 ||     8
  Dodge: Dodged            |     3 |    31 ||    34

Table legend: (Time is in decaauts)
 A = Elapsed time spent in this place.
 B = Non-inter-level travel time spent in this place.
 C = Inter-level travel time spent in this place.
 D = Time resting spent in this place.
 E = Time spent auto-exploring this place.
 F = Levels seen in this place.
 G = Mean time per level.
                   A        B        C        D        E       F      G
               +--------+--------+--------+--------+--------+-----+--------+
         Total |   3299 |   3000 |    299 |      0 |   2613 |   4 |  824.8 |
       Dungeon |   3299 |   3000 |    299 |      0 |   2613 |   4 |  824.8 |
               +--------+--------+--------+--------+--------+-----+--------+

Top non-repeatable levels by time:
     D:2: 1143 daAuts
     D:1: 764 daAuts
     D:3: 720 daAuts
     D:4: 671 daAuts

Levels and vault maps discovered:
D:1:      matt_arrival_refuge, layout_basic
D:2:      layout_loops_ring, serial_shops, nicolae_shop_tiny_statue_garden,
          basic_altar
D:3:      layout_rooms, mainiacjoe_overflow_cross_hatched
D:4:      layout_gridville, minmay_temple_entry_metal_lava, serial_shops,
          nicolae_shop_trees, uniq_edmund

Table legend: (Time is in decaauts)
 A = Elapsed time spent in this place.
 B = Non-inter-level travel time spent in this place.
 C = Inter-level travel time spent in this place.
 D = Time resting spent in this place.
 E = Time spent auto-exploring this place.
 F = Levels seen in this place.
 G = Mean time per level.
                   A        B        C        D        E       F      G
               +--------+--------+--------+--------+--------+-----+--------+
         Total |   3299 |   3000 |    299 |      0 |   2613 |   4 |  824.8 |
       Dungeon |   3299 |   3000 |    299 |      0 |   2613 |   4 |  824.8 |
               +--------+--------+--------+--------+--------+-----+--------+

Top non-repeatable levels by time:
     D:2: 1143 daAuts
     D:1: 764 daAuts
     D:3: 720 daAuts
     D:4: 671 daAuts

Table legend:
 A = Kills in this place as a percentage of kills in the entire game.
 B = Kills by you in this place as a percentage of kills by you in the entire game.
 C = Kills by friends in this place as a percentage of kills by friends in the entire game.
 D = Other kills in this place as a percentage of other kills in the entire game.
 E = Experience gained in this place as a percentage of experience gained in the entire game.
 F = Experience gained in this place divided by the number of levels of this place that you have seen.
                   A       B       C       D       E      F
               +-------+-------+-------+-------+-------+----------------------
         Total | 100.0 | 100.0 |   N/A |   N/A | 100.0 | 145.5
       Dungeon | 100.0 | 100.0 |   N/A |   N/A | 100.0 | 145.5
               +-------+-------+-------+-------+-------+----------------------
